 Dungeon Sprint DCSS version 0.24-a0-698-g60d090ba07 (webtiles) character file.

32 Kidiri the Sneak (level 3, 0/18 HPs)
             Began as a Spriggan Enchanter on Dec 15, 2018.
             Slain by a human (10 damage)
             ... in the Dungeon (Sprint III: "The Ten Rune Challenge") on May 31, 2020.
             The game lasted 00:04:05 (398 turns).

Kidiri the Sneak (Spriggan Enchanter)                Turns: 398, Time: 00:04:06

Health: 0/18       AC:  2    Str:  4    XL:     3   Next: 8%
Magic:  8/9        EV: 20    Int: 17    God:
Gold:   16         SH:  0    Dex: 16    Spells: 9/10 levels left

rFire    . . .     SeeInvis +   a - +1 dagger
rCold    . . .     Gourm    .   (shield restricted)
rNeg     . . .     Faith    .   b - +0 robe
rPois    .         Spirit   .   (helmet restricted)
rElec    .         Reflect  .   (no cloak)
rCorr    .         Harm     .   (gloves unavailable)
MR       .....     NoTele   +   (boots unavailable)
Stlth    +++.......             (no amulet)
HPRegen  0.06/turn              (no ring)
MPRegen  0.11/turn              (no ring)

@: very quick
A: very small, unfitting armour, see invisible, herbivore, speed 3, slow
metabolism 2
a: no special abilities


You were in the Dungeon.
You were not hungry.

You visited 1 branch You collected 16 gold pieces.

Inventory:

Hand Weapons
 a - a +1 dagger (weapon)
Armour
 b - a +0 robe (worn)
Scrolls
 j - a scroll of blinking
Potions
 e - 2 potions of curing
 f - a potion of heal wounds
 g - a potion of haste
 h - 2 potions of magic
 i - a potion of berserk rage
Comestibles
 d - a ration


   Skills:
 + Level 1.2 Fighting
 * Level 2.9 Short Blades
 + Level 1.0 Armour
 * Level 4.7 Dodging
 * Level 6.0 Stealth
 * Level 4.2 Spellcasting
 + Level 4.2 Hexes


You had 9 spell levels left.
You knew the following spells:

 Your Spells              Type           Power        Failure   Level  Hunger
a - Corona                Hex            ###....      2%          1    None

Your spell library contained the following spells:

 Spells                   Type           Power        Failure   Level  Hunger
 Confuse                  Hex            ###.....     9%          3    ###....
 Tukima's Dance           Hex            ###.....     9%          3    ###....
 Ensorcelled Hibernation  Hex/Ice        ##....       10%         2    ##.....
 Dazzling Spray           Conj/Hex       ##....       19%         3    ###....


Dungeon Overview and Level Annotations

Branches:
Dungeon (1/1)

Altars:


Innate Abilities, Weirdness & Mutations

You are very small and have problems with some larger weapons.
You are too small for most types of armour.
You have supernaturally acute eyesight. (SInv)
You are a herbivore.
You cover ground extremely quickly.
You need to consume almost no food.


Message History

The human is outlined in light.
You start resting.
The human is too close now for your liking.
You start resting.
The human is too close now for your liking.
The human stops glowing.
Casting: Corona (safe; 2% risk of failure)
Confirm with . or Enter, or press ? or * to list all spells.
Aiming: Corona (safe; 2% risk of failure)
Press: ? - help, Shift-Dir - straight line, f/p - human
Aim: a human (chance to defeat MR: 56%)
The human is outlined in light.
You hit the human.
The human is lightly wounded.
The human hits you!
You hit the human.
The human is lightly wounded.
The human hits you!
Ouch! That really hurt!
You die...

▓.....#....≈♣♣ ♣..#
▓.....#...≈≈.♣♣...#
▓.....#..≈≈≈≈.♣.♣.+
▓####'#..≈≈≈≈≈≈♣..#
▓.....#.≈≈≈p≈≈....#
▓.[...#.≈≈≈≈≈.....#
▓.....#.≈≈≈.......#
▓'#####...........#
▓...@p............#
▓▓▓▓▓▓▓▓▓▓▓▓▓▓▓▓▓▓▓


You could see a human.

Vanquished Creatures
  Jessica (D)
  An ooze (D)
  2 rats (D)
4 creatures vanquished.

Vanquished Creatures (others)
  2 draconian scorchers (D)
  6 hellions (D)
8 creatures vanquished.

Grand Total: 12 creatures vanquished

Notes
Turn   | Place    | Note
-------+----------+-------------------------------------------
     0 | D        | Kidiri the Spriggan Enchanter began the quest for the Orb.
     0 | D        | Reached XP level 1. HP: 9/9 MP: 5/5
    13 | D        | Reached skill level 5 in Stealth
   108 | D        | Killed a hellion
   109 | D        | Killed a hellion
   151 | D        | Killed a hellion
   152 | D        | Killed a hellion
   175 | D        | Noticed Jessica
   178 | D        | Killed Jessica
   178 | D        | Reached skill level 1 in Fighting
   178 | D        | Reached skill level 1 in Armour
   178 | D        | Reached skill level 6 in Stealth
   178 | D        | Reached XP level 2. HP: 14/14 MP: 6/8
   178 | D        | Reached XP level 3. HP: 18/18 MP: 6/9
   185 | D        | Upgraded the game from 0.23-a0-577-g2b1de94 to
                  | 0.23-a0-582-g1b4a0ca
   185 | D        | Upgraded the game from 0.23-a0-582-g1b4a0ca to
                  | 0.24-a0-698-g60d090ba07
   238 | D        | Killed a hellion
   267 | D        | Killed a white draconian scorcher
   342 | D        | Killed a white draconian scorcher
   394 | D        | Killed a hellion
   398 | D        | Slain by a human

Levels and vault maps discovered:
D:        dungeon_sprint_mu

Skill      XL: |  1 |
---------------+----+-----
Stealth        | 6 |  6.0
Spellcasting   | 4 |  4.2
Fighting       | 1 |  1.2
Short Blades   | 2 |  2.9
Armour         | 1 |  1.0
Dodging        | 4 |  4.7
Hexes          | 4 |  4.2

Action                   || total
-------------------------++-------
Melee: Dagger            ||    14
 Cast: Corona            ||     3
 Stab: Sleeping          ||     3
Dodge: Dodged            ||     6

Table legend:
 A = Non-vault XP
 B = Vault XP
 C = Vault XP percentage of total XP
 D = Non-vault monster count
 E = Vault monster count
 F = Vault count percentage of total count
                 A         B        C        D         E       F
            +---------+---------+-------+---------+---------+-------
      Total |       0 |      46 | 100.0 |       0 |       4 | 100.0
            +---------+---------+-------+---------+---------+-------
          D |       0 |      46 | 100.0 |       0 |       4 | 100.0
            +---------+---------+-------+---------+---------+-------
